 Dungeon Crawl Stone Soup version 0.30-a0-779-g7971cf19c3 (webtiles) character file.

Game seed: 6720709411915773876

155569 Dittersdorf the Warrior (level 17, 0/118 HPs)
             Began as a Gargoyle Fighter on Feb 17, 2023.
             Was the Champion of Okawaru.
             Slain by the 27-headed Lernaean hydra (6 damage)
             ... on level 4 of the Swamp.
             The game lasted 00:49:56 (25918 turns).

Dittersdorf the Warrior (Gargoyle Fighter)         Turns: 25918, Time: 00:49:56

Health: 0/118      AC: 50    Str: 23    XL:     17   Next: 65%
Magic:  13/17      EV:  6    Int: 14    God:    Okawaru [******]
Gold:   2797       SH: 21    Dex: 18    Spells: 16/16 levels left

rFire   + . .      SeeInvis +    J - +11 flail of Breach {freeze, Dex+7}
rCold   + + +      Faith    .    M - +0 tower shield
rNeg    + . .      Spirit   .    D - +6 plate armour of Edetwot {rF+}
rPois   ∞          Reflect  .    n - +4 helmet "Wetept" {Regen+}
rElec   +          Harm     .    u - +0 cloak
rCorr   +          Rampage  .    j - +3 pair of gauntlets of War {Slay+5}
Will    ++...      NoCast   +    E - +0 pair of boots of Misanthropy {-Cast rC+++ rCorr Stlth-} Stlth
                                 q - amulet of regeneration
HPRegen 1.99/turn                K - ring "Luesuki Ugro" {Dex+2 SInv}
MPRegen 0.15/turn                x - ring of willpower

@: flying
A: sickness immunity, AC +12, big wings, negative energy resistance 1,
electricity resistance, torment resistance 1, petrification resistance
a: Renounce Religion, Heroism, Finesse, Duel


You were on level 4 of the Swamp.
You worshipped Okawaru.
Okawaru was exalted by your worship.
You visited 5 branches of the dungeon, and saw 27 of its levels.
You visited 1 bazaar.
You also visited: Bailey, Gauntlet and Volcano.

You collected 3327 gold pieces.
You spent 530 gold pieces at shops.

Inventory:

Hand Weapons
 z - a +3 eveningstar of venom
 J - the +11 flail of Breach (weapon) {freeze, Dex+7}
   (You found it on level 1 of the Lair of Beasts)

   Dex:       It affects your dexterity (+7).
Missiles
 r - 3 throwing nets
 A - 7 curare-tipped darts (quivered)
Armour
 j - the +3 pair of gauntlets of War (worn) {Slay+5}
   (You found it in a volcano)

   Slay:      It affects your accuracy & damage with ranged weapons and melee
   (+5).
 n - the +4 helmet "Wetept" (worn) {Regen+}
   (Okawaru gifted it to you on level 1 of the Swamp)

   Regen:     It increases your rate of health regeneration.
 u - a +0 cloak (worn)
 D - the +6 plate armour of Edetwot (worn) {rF+}
   (Okawaru gifted it to you on level 9 of the Dungeon)

   rF:        It protects you from fire.
 E - the +0 pair of boots of Misanthropy (worn) {-Cast rC+++ rCorr Stlth-}
   (Okawaru gifted it to you on level 2 of the Orcish Mines)

   rC:        It renders you almost immune to cold.
   -Cast:     It prevents spellcasting.
   rCorr:     It protects you from acid and corrosion.
   Stlth:     It makes you less stealthy.
 M - a +0 tower shield (worn)
Jewellery
 b - a ring of protection from cold
 p - a ring of resist corrosion
 q - an amulet of regeneration (around neck)
 x - a ring of willpower (right hand)
 B - a ring of willpower
 G - a ring of positive energy
 K - the ring "Luesuki Ugro" (left hand) {Dex+2 SInv}
   (You found it in a Gauntlet)

   [ring of see invisible]

   Dex:       It affects your dexterity (+2).
   SInv:      It lets you see invisible.
 L - a ring of see invisible
Wands
 a - a wand of iceblast (40)
 f - a wand of quicksilver (26)
 y - a wand of digging (3)
Scrolls
 d - a scroll of poison
 i - 2 scrolls of fog
 l - 2 scrolls of enchant armour
 o - 3 scrolls of fear
 w - 12 scrolls of teleportation
Potions
 c - 2 potions of berserk rage
 e - 10 potions of heal wounds
 g - 19 potions of curing
 h - 4 potions of magic
 k - 2 potions of haste
 m - 6 potions of might
 s - 3 potions of cancellation
 t - 3 potions of mutation
 v - 2 potions of invisibility
 C - a potion of resistance
 F - 3 potions of ambrosia
 I - 2 potions of brilliance


   Skills:
 + Level 17.5 Fighting
 + Level 16.0 Maces & Flails
 + Level 17.5 Armour
 + Level 17.5 Shields


You had 16 spell levels left.
You didn't know any spells.
Your spell library contained the following spells:

 Spells                   Type           Power      Damage    Failure   Level
 Shock                    Conj/Air       0%         1d3       99%         1
 Slow                     Hex            0%         N/A       99%         1
 Sting                    Tmut/Pois      0%         1d3       99%         1
 Ensorcelled Hibernation  Hex/Ice        0%         N/A       100%        2
 Poisonous Vapours        Pois/Air       0%         N/A       100%        2
 Confusing Touch          Hex            0%         N/A       100%        3
 Gell's Gravitas          Tloc           0%         N/A       100%        3
 Ignite Poison            Fire/Tmut/Pois 0%         N/A       100%        3
 Kindle Blastsparks       Fire/Tloc/Air  0%         2d10      100%        3
 Spider Form              Tmut/Pois      0%         N/A       100%        3
 Teleport Other           Tloc           0%         N/A       100%        3
 Vampiric Draining        Necr           0%         2d6       100%        3
 Anguish                  Hex/Necr       0%         N/A       100%        4
 Fulminant Prism          Conj/Hex       0%         3d5       100%        4
 Iskenderun's Mystic Bla  Conj/Tloc      0%         2d3       100%        4
 Olgreb's Toxic Radiance  Pois           0%         N/A       100%        4
 Sticky Flame             Conj/Fire      0%         2d3       100%        4
 Freezing Cloud           Conj/Ice/Air   0%         6-21      100%        5
 Lee's Rapid Deconstruct  Erth           0%         3d4*      100%        5
 Dispersal                Tloc           0%         N/A       100%        6
 Storm Form               Tmut/Air       0%         N/A       100%        7
 Ignition                 Fire           0%         3d3       100%        8


Dungeon Overview and Level Annotations

Branches:
Dungeon (15/15)            Temple (1/1) D:4            Lair (5/5) D:9
  Swamp (4/4) Lair:2        Snake (0/4) Lair:2        Slime (0/5) Lair:4
    Orc (2/2) D:9             Elf (0/3) Orc:2        Vaults (0/5) D:13
 Depths (0/4) D:15         Bailey (visited)         Volcano (visited)
Gauntlet (visited)

Altars:
Cheibriados
Dithmenos
Elyvilon
Fedhas
Gozag
Hepliaklqana
Kikubaaqudgha
Makhleb
Okawaru
Ru
Sif Muna
Trog
Uskayaw
Vehumet
Wu Jian
Xom
Yredelemnul
Zin
The Shining One
Jiyva

Shops:
D:7 =   Orc:1 *   Orc:2 =(*!*

Annotations:
D:4 2 transporters
D:5 2 transporters, Beavis's ghost, amateur DsHu
Swamp:4 Lernaean hydra


Innate Abilities, Weirdness & Mutations

You are immune to sickness and miasma.
Your stone body is resilient. (AC +12)
You are immune to poison.
Your large and strong wings let you fly.
You resist negative energy. (rN+)
You are resistant to electric shocks. (rElec)
You are resistant to unholy torment.
You are immune to petrification.


Message History

You block the 27-headed Lernaean hydra's attack.
The 27-headed Lernaean hydra bites you but does no damage.
You block the 27-headed Lernaean hydra's attack.
The 27-headed Lernaean hydra bites you but does no damage.
You block the 27-headed Lernaean hydra's attack.
The 27-headed Lernaean hydra bites you but does no damage.
The 27-headed Lernaean hydra bites you.
* * * LOW HITPOINT WARNING * * *
The 27-headed Lernaean hydra bites you but does no damage. x2
The 27-headed Lernaean hydra completely misses you.
The 27-headed Lernaean hydra bites you but does no damage. x2
You block the 27-headed Lernaean hydra's attack.
The 27-headed Lernaean hydra bites you but does no damage. x2
The 27-headed Lernaean hydra closely misses you.
The 27-headed Lernaean hydra bites you.
* * * LOW HITPOINT WARNING * * *
The 27-headed Lernaean hydra bites you but does no damage. x2
The 27-headed Lernaean hydra bites you.
* * * LOW HITPOINT WARNING * * *
A swamp dragon comes into view.
The 27-headed Lernaean hydra bites you but does no damage. x2
You block the 27-headed Lernaean hydra's attack.
The 27-headed Lernaean hydra bites you!
* * * LOW HITPOINT WARNING * * *
The 27-headed Lernaean hydra completely misses you.
The 27-headed Lernaean hydra bites you but does no damage. x4
The 27-headed Lernaean hydra closely misses you.
The 27-headed Lernaean hydra bites you but does no damage. x9
You block the 27-headed Lernaean hydra's attack.
The 27-headed Lernaean hydra closely misses you.
The 27-headed Lernaean hydra bites you but does no damage. x2
The 27-headed Lernaean hydra barely misses you.
The 27-headed Lernaean hydra bites you but does no damage. x2
The 27-headed Lernaean hydra barely misses you.
The swamp dragon roars deafeningly!
The 27-headed Lernaean hydra bites you but does no damage. x2
You block the 27-headed Lernaean hydra's attack. x2
The 27-headed Lernaean hydra bites you but does no damage. x3
The 27-headed Lernaean hydra bites you.
You die...

.....~...♣ ~.~~..~~..♣...♣ ♣♣
§..~.~~...♣...D♣♣.♣♣
....~~.~~.~.~..♣.~....~♣♣
.~.~..~.~.~~...♣..~..~♣♣~♣♣
.....~~.~.~.~~♣......♣♣~~~.♣
~~.~........§~.~.~~~♣♣♣~~§~.♣♣
..~~~.....♣~~...~..♣♣ ~.~~~~.♣
~~~~.~§.....~@..~..♣ ♣.....~
.~...~~....~D.~.~.~♣♣♣♣♣♣.♣♣~.
..(...~.~...§~~.~~~.♣~~♣♣~.~~~
~..~~~~.~..~.....^....♣ ♣♣~~~~
#~~~.....~~~#####..§~.♣♣ ♣.~~.
.###.....####...##~~~~.♣♣♣.~~~
#......~..#....=#~~~~†.♣☼.~~~
#.(.....(.#..[..#.~~§~<~~~~~~
......#...~#.....#♣.~~†~~~~~~~


You could see the 27-headed Lernaean hydra and a swamp dragon.

Vanquished Creatures
  A thorn hunter (Swamp:2)
  Donald (Swamp:3)
  A fenstrider witch (Swamp:3)
  A frost giant (D:15)
  2 orc warlords
  7 eleionomae
  10 bunyips
  A minotaur (Gauntlet)
  2 fire dragons
  4 shambling mangroves
  14 hydras
  3 ghost crabs
  8 vault guards (D:13)
  An ice dragon (Lair:5)
  A catoblepas (D:15)
  2 centaur warriors (D:14)
  A spriggan air mage (Swamp:3)
  A death knight (D:14)
  4 ogre magi
  Erica (Lair:2)
  3 boulder beetles
  A death yak (D:9)
  18 two-headed ogres
  3 alligators
  2 tengu warriors (D:15)
  An orc high priest (Orc:1)
  A hell knight (Volcano)
  9 spriggans
  An iron troll (Orc:2)
  5 skeletal warriors (D:14)
  3 goliath frogs
  11 swamp dragons
  A deep troll (Orc:2)
  An obsidian statue (Gauntlet)
  5 spriggan druids
  4 deep elf pyromancers
  A phantasmal warrior (D:14)
  5 bog bodies
  A lindwurm (Lair:5)
  2 orc knights
  2 orc sorcerers (Orc:1)
  6 cyclopes
  A manticore (D:12)
  2 will-o-the-wisps (Swamp:3)
  6 ugly things
  18 elephants
  A smoke demon (Volcano)
  5 black mambas
  A gargoyle (Volcano)
  An ice statue (Gauntlet)
  A molten gargoyle (Volcano)
  7 torpor snails
  11 cane toads
  An efreet (D:13)
  4 rime drakes
  An unseen horror (D:12)
  6 komodo dragons
  A kobold demonologist (D:8)
  2 freezing wraiths (D:14)
  2 red devils (Volcano)
  13 trolls
  3 meliai (D:15)
  3 polar bears
  13 tyrant leeches
  14 blink frogs
  A dream sheep (shapeshifter) (D:13)
  20 hornets
  Prince Ribbit (D:5)
  10 slime creatures
  2 shadows
  2 centaur simulacra (Gauntlet)
  3 wyverns
  64 yaks
  A vampire (D:12)
  2 fire bats (Volcano)
  4 wraiths
  2 steam dragons
  7 basilisks
  11 vampire mosquitoes
  Menkaure (D:5)
  12 swamp worms
  4 nagas (Lair:2)
  3 hell hounds
  2 wargs (Orc:1)
  3 acid dragons
  23 water moccasins
  An ice beast (D:6)
  A sky beast (D:7)
  30 orc warriors
  A black bear (Lair:3)
  6 swamp drakes
  16 wolves
  3 boggarts (D:15)
  26 ogres
  7 centaurs
  4 phantoms (D:6)
  4 kobold brigands
  11 bullfrogs
  4 gnoll sergeants (D:7)
  A scorpion (D:7)
  A necrophage (D:7)
  10 wights
  A cane toad simulacrum (Gauntlet)
  10 howler monkeys
  3 electric eels (Lair:1)
  6 lava snakes (Volcano)
  6 hounds
  3 jellies
  20 orc priests
  Jessica (D:3)
  3 gnoll boudas (D:7)
  15 iguanas
  Ijyb (D:3)
  28 orc wizards
  12 hell rats
  A boggart simulacrum (Gauntlet)
  29 gnolls
  5 adders
  4 river rats (Lair:4)
  3 worms
  A dart slug (D:2)
  85 orcs
  7 ball pythons
  4 bats
  2 endoplasms
  15 giant cockroaches (D:2)
  15 goblins
  8 hobgoblins
  8 jackals
  2 quokkas
  3 frilled lizards
  23 kobolds
  11 rats
  A briar patch (Swamp:2)
909 creatures vanquished.

Vanquished Creatures (others)
  A swamp dragon (Swamp:2)
  3 bloated husks
  A gnoll (D:7)
  An orc (D:8)
  A bat (D:3)
  19 demonic plants (Gauntlet)
  14 foxfires (Swamp:3)
  25 fungi
  76 plants
  14 withered plants (Gauntlet)
155 creatures vanquished.

Grand Total: 1064 creatures vanquished

Notes
Turn   | Place    | Note
-------+----------+-------------------------------------------
     0 | D:1      | Dittersdorf the Gargoyle Fighter began the quest for the
                  | Orb.
     0 | D:1      | Reached XP level 1. HP: 14/14 MP: 1/1
   132 | D:1      | Reached XP level 2. HP: 19/19 MP: 2/2
   496 | D:1      | Reached XP level 3. HP: 15/24 MP: 3/3
  1202 | D:2      | Reached XP level 4. HP: 29/29 MP: 4/4
  1842 | D:3      | Noticed Jessica
  1846 | D:3      | Killed Jessica
  1847 | D:3      | Reached XP level 5. HP: 21/33 MP: 5/5
  2040 | D:3      | Noticed Ijyb
  2049 | D:3      | Killed Ijyb
  2155 | D:3      | HP: 1/34 [orc wizard/+0 dagger (2)]
  2331 | D:3      | Found a basalt altar of Yredelemnul.
  2573 | D:3      | Reached XP level 6. HP: 29/39 MP: 6/6
  3003 | D:4      | Found a transporter.
  3068 | D:4      | Found a transporter.
  3099 | D:4      | Found a staircase to the Ecumenical Temple.
  3108 | Temple   | Entered the Ecumenical Temple
  3115 | Temple   | Became a worshipper of Warmaster Okawaru
  3197 | D:4      | Reached skill level 5 in Fighting
  3374 | D:4      | Reached skill level 5 in Armour
  3374 | D:4      | Reached skill level 5 in Shields
  3374 | D:4      | Reached XP level 7. HP: 42/44 MP: 7/7
  3650 | D:5      | Entered Level 5 of the Dungeon
  3858 | D:5      | Reached * piety under Okawaru
  4182 | D:5      | Found a snail-covered altar of Cheibriados.
  4182 | D:5      | Found a burning altar of Makhleb.
  4249 | D:5      | Noticed Menkaure
  4257 | D:5      | Killed Menkaure
  4385 | D:4      | HP: 2/45 [wight/+3 short sword (1)]
  4387 | D:4      | Reached XP level 8. HP: 3/51 MP: 8/8
  4788 | D:5      | Noticed Beavis's ghost (amateur DsHu)
  5024 | D:5      | Found a transporter.
  5026 | D:5      | Found a transporter.
  5035 | D:5      | Identified the +1 ring mail of the Tick {Drain rC++ Int+5}
  5035 | D:5      | Identified the +1 kite shield of the Bagpipe {rC+ Int+3}
  5149 | D:5      | Noticed Prince Ribbit
  5168 | D:5      | Killed Prince Ribbit
  5168 | D:5      | Reached ** piety under Okawaru
  5169 | D:5      | Reached skill level 5 in Maces & Flails
  5599 | D:6      | Reached XP level 9. HP: 52/56 MP: 9/9
  5761 | D:6      | You fall into a shaft and drop 2 floors!
  5762 | D:8      | yay!
  5847 | D:8      | Reached *** piety under Okawaru
  5966 | D:8      | Found a flagged portal.
  5996 | Bailey   | Entered a bailey
  6047 | Bailey   | Found a large runed translucent door.
  6047 | Bailey   | Found a large runed translucent door.
  6054 | Bailey   | Noticed a deep elf pyromancer
  6054 | Bailey   | Noticed an orc knight
  6218 | Bailey   | Killed an orc knight
  6218 | Bailey   | Reached **** piety under Okawaru
  6327 | Bailey   | Killed a deep elf pyromancer
  6328 | Bailey   | Reached XP level 10. HP: 9/65 MP: 7/10
  7103 | D:7      | Reached ***** piety under Okawaru
  7261 | D:7      | Found Qeucia's Jewellery Emporium.
  7620 | D:7      | Received a gift from Okawaru
  7913 | D:8      | Noticed a kobold demonologist
  7923 | D:8      | Noticed a smoke demon
  7926 | D:8      | Killed a kobold demonologist
  8560 | D:9      | Found a staircase to the Orcish Mines.
  8604 | D:9      | Reached XP level 11. HP: 69/72 MP: 11/11
  8706 | D:9      | Received a gift from Okawaru
  8719 | D:9      | Found a staircase to the Lair.
  8732 | D:9      | Reached skill level 10 in Fighting
  8796 | D:9      | Reached skill level 10 in Armour
  8837 | D:9      | Noticed a death yak
  8869 | D:9      | Killed a death yak
  8870 | D:9      | Reached skill level 10 in Shields
  8969 | D:9      | Identified the +6 plate armour of Edetwot {rF+} (Okawaru
                  | gifted it to you on level 9 of the Dungeon)
  8969 | D:9      | Received a gift from Okawaru
  9318 | D:9      | Found a radiant altar of Vehumet.
  9370 | D:9      | Found an ornate altar of the Wu Jian Council.
  9384 | D:9      | Found a hide-covered altar of Uskayaw.
  9387 | D:9      | Found a glowing silver altar of Zin.
  9401 | D:9      | Found an ancient bone altar of Kikubaaqudgha.
  9710 | D:10     | Entered Level 10 of the Dungeon
  9805 | D:10     | Reached ****** piety under Okawaru
 10016 | D:10     | Identified the +8 quarterstaff of Thoughtfulness {spect,
                  | Str+3 Dex+3 Stlth+}
 10144 | D:10     | Reached XP level 12. HP: 72/80 MP: 12/12
 10202 | Lair:1   | Entered Level 1 of the Lair of Beasts
 10354 | Lair:1   | Reached skill level 10 in Maces & Flails
 10626 | Lair:1   | Identified the +11 flail of Breach {freeze, Dex+7}
 10917 | Lair:2   | Found a gate leading to a gauntlet.
 10971 | Gauntlet | Entered a Gauntlet
 10971 | Gauntlet | Found a transporter.
 10980 | Gauntlet | Found a transporter.
 10995 | Gauntlet | Found a transporter.
 10999 | Gauntlet | Noticed a balrug
 11000 | Gauntlet | Found a transporter.
 11015 | Gauntlet | Found a transporter.
 11034 | Gauntlet | Found a transporter.
 11046 | Gauntlet | Found a transporter.
 11054 | Gauntlet | Found a large runed translucent door.
 11055 | Gauntlet | Found a large runed translucent door.
 11056 | Gauntlet | Found a large runed translucent door.
 11056 | Gauntlet | Found a large runed translucent door.
 11057 | Gauntlet | Found a runed translucent gate.
 11058 | Gauntlet | Found a transporter.
 11058 | Gauntlet | Found a runed translucent gate.
 11059 | Gauntlet | Found a runed translucent gate.
 11060 | Gauntlet | Found a large runed translucent door.
 11060 | Gauntlet | Found a large runed translucent door.
 11060 | Gauntlet | Found a runed translucent door.
 11060 | Gauntlet | Found a runed translucent door.
 11061 | Gauntlet | Found a large runed translucent door.
 11062 | Gauntlet | Found a large runed translucent door.
 11067 | Gauntlet | Found a large runed translucent door.
 11067 | Gauntlet | Found a large runed translucent door.
 11068 | Gauntlet | Found a large runed translucent door.
 11069 | Gauntlet | Found a large runed translucent door.
 11077 | Gauntlet | Found a transporter.
 11089 | Gauntlet | Found a transporter.
 11108 | Gauntlet | Found a transporter.
 11123 | Gauntlet | Found a transporter.
 11125 | Gauntlet | Found a transporter.
 11152 | Gauntlet | Found a transporter.
 11172 | Gauntlet | Found a transporter.
 11276 | Gauntlet | Found a large runed translucent door.
 11276 | Gauntlet | Found a large runed translucent door.
 11277 | Gauntlet | Found a large runed translucent door.
 11278 | Gauntlet | Found a large runed translucent door.
 11280 | Gauntlet | Found a transporter.
 11361 | Gauntlet | Found a transporter.
 11376 | Gauntlet | Found a transporter.
 11384 | Gauntlet | Received a gift from Okawaru
 11461 | Gauntlet | Identified the ring "Luesuki Ugro" {Dex+2 SInv}
 11496 | Gauntlet | Noticed a minotaur
 11509 | Gauntlet | Killed a minotaur
 11559 | Gauntlet | Got the Excursus on Aerial Changes
 11603 | Lair:2   | Found a dark tunnel.
 11619 | Volcano  | Entered a volcano
 11935 | Volcano  | Found a bloodstained altar of Trog.
 11950 | Volcano  | Reached XP level 13. HP: 60/86 MP: 11/13
 11997 | Volcano  | Found the +3 pair of gauntlets of War {Slay+5}
 12067 | Volcano  | Identified the +1 storm dragon scales of Grim Life {rElec
                  | Int+3} (Okawaru gifted it to you in a volcano)
 12067 | Volcano  | Received a gift from Okawaru
 12165 | Lair:2   | Noticed Erica
 12174 | Lair:2   | Killed Erica
 12469 | Lair:2   | Found a staircase to the Swamp.
 12521 | Lair:2   | Found a staircase to the Snake Pit.
 12854 | Lair:2   | Found an opulent altar of Gozag.
 13245 | Lair:3   | Identified the +8 rapier "Apout" {freeze, Str+2 Int-5 Dex+3
                  | Stlth+}
 13696 | Lair:3   | Identified the +1 chain mail "Wemuf" {Dex+4 Stlth+}
 14655 | Lair:4   | Identified the +5 robe "Fuoli" {Rampage rPois Archmagi}
                  | (Okawaru gifted it to you on level 4 of the Lair of Beasts)
 14655 | Lair:4   | Received a gift from Okawaru
 14656 | Lair:4   | Gained mutation: Your large and strong wings let you fly.
                  | [Gargoyle growth]
 14656 | Lair:4   | Reached XP level 14. HP: 92/94 MP: 14/14
 14727 | Lair:4   | Found a staircase to the Slime Pits.
 14728 | Lair:4   | Found a viscous altar of Jiyva.
 15051 | Lair:5   | Entered Level 5 of the Lair of Beasts
 15324 | Lair:5   | Found a runed translucent door.
 15914 | Lair:5   | Received a gift from Okawaru
 16328 | Orc:1    | Entered Level 1 of the Orcish Mines
 16410 | Orc:1    | Found Zaxolayru's Gadget Gallery.
 16788 | Orc:2    | Entered Level 2 of the Orcish Mines
 16812 | Orc:2    | Identified the +0 pair of boots of Misanthropy {-Cast rC+++
                  | rCorr Stlth-} (Okawaru gifted it to you on level 2 of the
                  | Orcish Mines)
 16812 | Orc:2    | Received a gift from Okawaru
 16940 | Orc:2    | Noticed an orc warlord
 17072 | Orc:1    | Killed an orc warlord
 17256 | Orc:2    | Reached XP level 15. HP: 101/101 MP: 15/15
 17311 | Orc:2    | Noticed an orc warlord
 17420 | Orc:2    | Killed an orc warlord
 17567 | Orc:2    | Found a staircase to the Elven Halls.
 17638 | Orc:2    | Reached skill level 15 in Fighting
 17715 | Orc:2    | Found Iurheupni's Incredible Inventory.
 17728 | Orc:2    | Reached skill level 15 in Armour
 17748 | Orc:2    | Found Ytolets's Distillery.
 17763 | Orc:2    | Identified the +0 scale mail "Cokk" {Slay+3} (Okawaru
                  | gifted it to you on level 2 of the Orcish Mines)
 17763 | Orc:2    | Received a gift from Okawaru
 17769 | Orc:2    | Reached skill level 15 in Shields
 17968 | Orc:2    | Found Baiqupt's Assorted Antiques.
 17970 | Orc:2    | Found Rauteel's Antique Weapon Shop.
 17971 | Orc:2    | Bought 2 potions of heal wounds for 130 gold pieces
 17971 | Orc:2    | Bought a potion of berserk rage for 65 gold pieces
 17976 | Orc:2    | Bought a glowing helmet for 255 gold pieces
 17989 | Orc:2    | Found Rit Yla's Jewellery Shoppe.
 19029 | D:12     | Found a flickering gateway to a bazaar.
 19047 | Bazaar   | Entered a bazaar
 19047 | Bazaar   | Found Xihogyun's Jewellery Shoppe.
 19047 | Bazaar   | Found Gaud's Armour Boutique.
 19047 | Bazaar   | Found Omameos's Jewellery Shoppe.
 19047 | Bazaar   | Found Qiygg's Jewellery Shop.
 19070 | Bazaar   | Found Qofow's Distillery.
 19070 | Bazaar   | Found Ygoph's Magic Scroll Shop.
 19078 | Bazaar   | Bought a potion of heal wounds for 40 gold pieces
 19078 | Bazaar   | Bought a potion of heal wounds for 40 gold pieces
 19693 | D:13     | Found a gate to the Vaults.
 20414 | D:14     | Received a gift from Okawaru
 20422 | D:14     | Reached XP level 16. HP: 110/110 MP: 16/16
 20968 | D:14     | Found a hide-covered altar of Uskayaw.
 21056 | D:15     | Entered Level 15 of the Dungeon
 21472 | D:15     | Received a gift from Okawaru
 21696 | D:15     | Found a staircase to the Depths.
 21809 | D:15     | Identified the +1 morningstar "Runnutoh" {heavy, rF+ rC+
                  | Str+3}
 22192 | D:15     | Found a blossoming altar of Fedhas.
 22490 | Swamp:1  | Entered Level 1 of the Swamp
 22580 | Swamp:1  | Reached skill level 15 in Maces & Flails
 22683 | Swamp:1  | Identified the +4 helmet "Wetept" {Regen+} (Okawaru gifted
                  | it to you on level 1 of the Swamp)
 22683 | Swamp:1  | Received a gift from Okawaru
 23587 | Swamp:2  | Identified the +6 trident of the Dwarven Hall {drain, rElec
                  | rC+}
 23627 | Swamp:2  | Noticed a thorn hunter
 23644 | Swamp:2  | Killed a thorn hunter
 23833 | Swamp:2  | Reached XP level 17. HP: 104/116 MP: 17/17
 24072 | Swamp:3  | Identified the +1 chain mail "Taroiriec" {Will+ Str+2}
                  | (Okawaru gifted it to you on level 3 of the Swamp)
 24072 | Swamp:3  | Received a gift from Okawaru
 24097 | Swamp:3  | Noticed Donald
 24116 | Swamp:3  | Killed Donald
 24931 | Swamp:4  | Entered Level 4 of the Swamp
 25896 | Swamp:4  | Noticed the 27-headed Lernaean hydra
 25917 | Swamp:4  | HP: 4/118 [the 27-headed Lernaean hydra (8)]
 25918 | Swamp:4  | Slain by the 27-headed Lernaean hydra

Illustrated notes

###
..#
#.#
#.#
#.#
#.#
#.#
#@#
#.#
..#
####


Turn 5762 on D:8: yay!

Levels and vault maps discovered:
D:1:      eino_arrival_tree_alley, layout_basic, minmay_misc_feat_x,
          minmay_tiny_reverse_x
D:2:      minmay_roachtagon, layout_loops_ring, minmay_tromino_mix6
D:3:      layout_loops_ring, mainiacjoe_overflow_surrounded_room, uniq_jessica,
          uniq_ijyb
D:4:      gammafunk_wand_slinger, layout_loops_ring, temple_fountains,
          kennysheep_nub
D:5:      layout_loops_ring, nicolae_overflow_two_pavilions,
          gammafunk_ghost_gnarly_gnolls, uniq_prince_ribbit1, uniq_menkaure
D:6:      layout_rooms
D:7:      layout_cave_pools, serial_shops, shop_fountains, serial_gnoll_camp,
          gnoll_camp_medium_01, gnoll_camp_mini_sergeant, gnoll_camp_huts_basic,
          gnoll_camp_mini_loothouse, gnoll_camp_mini_house
D:8:      layout_basic, enter_bailey_7
D:9:      argonaut_augean_stables, layout_basic, fiery_altar_vehumet,
          grunt_temple_overflow_cloverleaf, minmay_lair_entry_grove,
          reono_crystal_passage, nrook_mini_vaults
D:10:     layout_rooms, minmay_misc_feat_iff, hangedman_abyss_or_decor_passed
D:11:     layout_gridville, serial_glass, glass_columns_a, glass_columns_c
D:12:     layout_rooms, serial_shops, bzr_entry_customers
D:13:     layout_basic, erik_vaults_2, st_stairs_11
D:14:     layout_loops_ring, nicolae_uskayaw_murder_on_the_dancefloor
D:15:     grunt_enter_depths_snipers, layout_stronghold, fedhas_altar_1
Temple:   eino_temple_lava
Lair:1:   layout_misc_corridors, serial_bayou, serial_bayou_crossing,
          serial_bayou_pond_e, serial_bayou_pond_c, serial_bayou_shore_a,
          serial_bayou_lagoon_b
Lair:2:   layout_layer_cave, swamp_mist_pool,
          minmay_snake_entry_guardpost_small, enter_volcano_3, basic_altar,
          gauntlet_entry_generic, grunt_forest_small_clearing_treed, uniq_erica
Lair:3:   layout_roguey, serial_bayou, serial_bayou_shore_b,
          serial_bayou_shore_b, serial_bayou_pond_d, serial_bayou_pond_d,
          grunt_megastairs_3, lemuel_fruit_fields, lemuel_fruit_tree,
          lemuel_fruit_fields
Lair:4:   layout_regular_city, slime_entry_1, kennysheep_abandoned_house
Lair:5:   wormcave, layout_small_grid, guppyfry_lair_end_dragon
Swamp:1:  layout_basic_swamp, nicolae_swamp_dense_foliage, swamp_pool2,
          infiniplex_staircase_pool
Swamp:2:  layout_basic_swamp, nicolae_swamp_decorative_isthmus
Swamp:3:  layout_basic_swamp, hangedman_swamp_ruin_wall,
          nicolae_swamp_frolicking_bunyips, infiniplex_staircase_pool_2,
          uniq_donald
Swamp:4:  grunt_swamp_rune_castle, layout_basic_swamp, swamp_pool2,
          lemuel_altar_in_water
Orc:1:    layout_caves, nicolae_shop_gadgets
Orc:2:    st_orc_open, layout_caves, nicolae_alphabet_shops

Skill      XL: |  1  2  3  4  5  6  7  8  9 10 11 12 13 14 15 16 17 |
---------------+----------------------------------------------------+-----
Fighting       | 4 5 6 8 9 11 12 13 14 15 16 17 | 17.5
Shields        | 4 5 6 8 9 10 12 13 14 15 16 17 | 17.5
Armour         | 4 5 6 8 9 10 12 13 14 15 16 17 | 17.5
Maces & Flails | 3 4 5 7 8 9 11 12 13 14 15 16 | 16.0

Action                     |  1- 3 |  4- 6 |  7- 9 | 10-12 | 13-15 | 16-18 || total
---------------------------+-------+-------+-------+-------+-------+-------++-------
  Melee: Flail             |   129 |   200 |   430 |   896 |  1222 |   740 ||  3617
         Unarmed           |       |       |       |     4 |       |       ||     4
  Throw: Dart              |       |     3 |    17 |       |       |       ||    20
 Invoke: Heroism           |       |       |     2 |     3 |     6 |     3 ||    14
         Finesse           |       |       |       |       |     1 |     1 ||     2
  Evoke: Wand              |       |       |    21 |       |       |     1 ||    22
    Use: Scroll            |       |     8 |    10 |     8 |     3 |     3 ||    32
         Potion            |       |     1 |     2 |     1 |       |       ||     4
   Stab: Petrified         |       |       |       |       |       |     9 ||     9
 Armour: Scale mail        |    90 |   133 |    91 |       |       |       ||   314
         Plate armour      |       |       |   154 |   664 |   828 |   611 ||  2257
         Skin              |       |       |       |     6 |       |       ||     6
  Dodge: Dodged            |    89 |   101 |   281 |   556 |   361 |   160 ||  1548
  Block: Buckler           |    39 |    42 |   114 |   361 |   356 |       ||   912
         Kite shield       |       |       |       |       |   305 |       ||   305
         Tower shield      |       |       |       |       |    64 |   744 ||   808

Table legend: (Time is in decaauts)
 A = Elapsed time spent in this place.
 B = Non-inter-level travel time spent in this place.
 C = Inter-level travel time spent in this place.
 D = Time resting spent in this place.
 E = Time spent auto-exploring this place.
 F = Levels seen in this place.
 G = Mean time per level.
                   A        B        C        D        E       F      G
               +--------+--------+--------+--------+--------+-----+--------+
         Total |  26101 |  24461 |   1640 |   2314 |  14496 |  31 |  842.0 |
       Dungeon |  14553 |  13469 |   1084 |   1228 |   8541 |  15 |  970.2 |
        Temple |     30 |     30 |      0 |      0 |      0 |   1 |   30.0 |
          Lair |   5126 |   4805 |    321 |     18 |   3645 |   5 | 1025.2 |
         Swamp |   3033 |   2929 |    104 |    713 |   1215 |   4 |  758.2 |
  Orcish Mines |   1749 |   1619 |    130 |    207 |    700 |   2 |  874.5 |
        Bazaar |     53 |     53 |      0 |      0 |     39 |   1 |   53.0 |
        Bailey |    449 |    449 |      0 |     51 |     32 |   1 |  449.0 |
       Volcano |    519 |    519 |      0 |     54 |     42 |   1 |  519.0 |
      Gauntlet |    584 |    584 |      0 |     43 |    282 |   1 |  584.0 |
               +--------+--------+--------+--------+--------+-----+--------+

Top non-repeatable levels by time:
     D:9: 1457 daAuts
  Lair:2: 1354 daAuts
     D:4: 1334 daAuts
    D:15: 1298 daAuts
  Lair:5: 1157 daAuts
     D:5: 1105 daAuts
     D:2: 1086 daAuts
     D:7: 1084 daAuts
     D:8: 1036 daAuts
     D:3: 1021 daAuts
  Lair:4: 968 daAuts
    D:13: 947 daAuts
 Swamp:3: 929 daAuts
   Orc:2: 877 daAuts
   Orc:1: 871 daAuts
